 Dungeon Crawl Stone Soup version 0.25-b1-46-gb8a1ec05df (webtiles) character file.

Game seed: 16194773340450147770

436 Peloso the Shield-Bearer (level 6, -7/55 HPs)
             Began as a Minotaur Fighter on June 9, 2020.
             Engulfed by Ijyb's freezing vapour (11 damage)
             ... on level 5 of the Dungeon.
             The game lasted 00:06:27 (4174 turns).

Peloso the Shield-Bearer (Minotaur Fighter)         Turns: 4174, Time: 00:06:27

Health: -7/55      AC: 12    Str: 21    XL:     6   Next: 68%
Magic:  5/5        EV:  9    Int:  5    God:
Gold:   130        SH: 10    Dex: 11    Spells: 5/5 levels left

rFire    . . .     SeeInvis .   a - +0 long sword
rCold    . . .     Gourm    .   c - +0 kite shield
rNeg     . . .     Faith    .   r - +0 plate armour
rPois    .         Spirit   .   (helmet restricted)
rElec    .         Reflect  .   (no cloak)
rCorr    .         Harm     .   (no gloves)
MR       .....                  (no boots)
Stlth    ..........             (no amulet)
HPRegen  0.18/turn              l - +4 ring of evasion
MPRegen  0.09/turn              (no ring)

@: no status effects
A: retaliatory headbutt, horns 2
a: no special abilities


You were on level 5 of the Dungeon.
You were not hungry.

You visited 2 branches of the dungeon, and saw 6 of its levels.

You collected 130 gold pieces.

Inventory:

Hand Weapons
 a - a +0 long sword (weapon)
 b - a +0 dagger of venom
Armour
 c - a +0 kite shield (worn)
 p - a +0 scale mail
 r - a +0 plate armour (worn)
Jewellery
 l - a +4 ring of evasion (left hand)
 v - an uncursed amulet of faith {unknown}
Scrolls
 g - a scroll of teleportation
 h - 3 scrolls of remove curse
 i - 2 scrolls of identify {unknown}
 j - 2 scrolls of blinking {unknown}
 m - a scroll of immolation {unknown}
 n - a scroll of fog {unknown}
 o - a scroll of random uselessness {unknown}
 t - a scroll of magic mapping {unknown}
Potions
 d - 2 potions of might
 e - a potion of brilliance
 s - a potion of stabbing
 u - a potion of haste
 w - a potion of lignification {unknown}
Comestibles
 f - 6 rations
 k - 2 chunks of flesh


   Skills:
 + Level 4.8 Fighting
 + Level 5.3 Long Blades
 + Level 5.3 Armour
 + Level 1.4 Dodging
 + Level 0.3 Stealth
 + Level 5.4 Shields


You had 5 spell levels left.
You didn't know any spells.
Your spell library contained the following spells:

 Spells                   Type           Power        Failure   Level  Hunger
 Magic Dart               Conj           #...         100%        1    ##.....
 Blink                    Tloc           N/A          100%        2    ###....
 Call Imp                 Summ           #.......     100%        2    ###....
 Slow                     Hex            #.......     100%        2    ###....
 Conjure Flame            Conj/Fire      #.......     100%        3    ####...
 Mephitic Cloud           Conj/Pois/Air  #.......     100%        3    ####...


Dungeon Overview and Level Annotations

Branches:
Dungeon (5/15)             Temple (1/1) D:5

Altars:
Ashenzari
Cheibriados
Dithmenos
Elyvilon
Fedhas
Gozag
Hepliaklqana
Kikubaaqudgha
Makhleb
Nemelex Xobeh
Qazlal
Ru
Sif Muna
Trog
Uskayaw
Vehumet
Wu Jian
Xom
Yredelemnul
Zin
The Shining One
Beogh

Annotations:
D:3 2 transporters, Zing's ghost, amateur GrEE
D:4 3 runed translucent doors, skumtomte's ghost, novice MiFi
D:5 Ijyb


Innate Abilities, Weirdness & Mutations

You reflexively headbutt those who attack you in melee.
You have a pair of horns on your head.


Message History

An orc comes into view. It is wielding a +0 mace.
You closely miss Ijyb.
The orc shouts!
Ijyb hits you but does no damage.
You closely miss Ijyb.
Ijyb zaps a wand.
Ijyb creates a blast of freezing vapour!
You hit Ijyb. Your headbutt misses Ijyb.
Ijyb is lightly wounded.
You are engulfed in freezing vapours.
Ijyb barely misses you. You furiously retaliate!
You headbutt Ijyb. You block Ijyb's attack.
You hit Ijyb but do no damage. You headbutt Ijyb, but do no damage.
Ijyb is moderately wounded.
You are engulfed in freezing vapours.
Ijyb hits you but does no damage.
You hit Ijyb but do no damage.
Ijyb is moderately wounded.
You are engulfed in freezing vapours.
* * * LOW HITPOINT WARNING * * *
Ijyb hits you but does no damage.
You closely miss the orc.
You are engulfed in freezing vapours.
You die...

####...##.# ...
#...##.#
..##'######...##.#
..............'...
#.##.###......#... #.#
.# #....###... #.# .#
#....# #...
.######o##.# #....#
#... >.....g@§#.#
####.# #...
########§#.# ##'###...
....###...# #...##...
#.......#####...##...
########..........#####
..................#
########..........###
#............#
##...###.....#


You could see Ijyb and an orc.

Vanquished Creatures
  Edmund (D:5)
  A hound (D:4)
  Natasha (thrice) (D:2)
  3 worker ants
  7 adders
  An ooze (D:3)
  2 adder skeletons
  4 worms
  A dart slug (D:2)
  5 leopard geckos
  An orc (D:3)
  5 giant cockroaches
  10 goblins
  3 hobgoblins
  3 quokkas
  A ball python (D:2)
  3 bats
  3 frilled lizards
  A jackal skeleton (D:4)
  2 kobolds
  7 rats
67 creatures vanquished.

Notes
Turn   | Place    | Note
-------+----------+-------------------------------------------
     0 | D:1      | Peloso the Minotaur Fighter began the quest for the Orb.
     0 | D:1      | Reached XP level 1. HP: 19/19 MP: 0/0
   383 | D:1      | Reached XP level 2. HP: 27/27 MP: 1/1
   551 | D:1      | You fall into a shaft and drop 1 floor!
   858 | D:2      | Noticed Natasha
   862 | D:2      | Killed Natasha
   862 | D:2      | Reached XP level 3. HP: 30/33 MP: 2/2
  1141 | D:2      | Reached XP level 4. HP: 33/41 MP: 3/3
  1282 | D:2      | Noticed Natasha
  1290 | D:2      | Killed Natasha
  1431 | D:2      | Noticed Natasha
  1450 | D:2      | Killed Natasha
  1965 | D:3      | Reached XP level 5. HP: 47/47 MP: 4/4
  2338 | D:3      | Found a sparkling altar of Nemelex Xobeh.
  2383 | D:3      | Reached skill level 1 in Dodging
  2390 | D:3      | Found a transporter.
  2392 | D:3      | Noticed Zing's ghost (amateur GrEE)
  2404 | D:3      | Found a transporter.
  2819 | D:4      | Found a runed translucent gate.
  2819 | D:4      | Found a runed translucent gate.
  2819 | D:4      | Found a runed translucent gate.
  2819 | D:4      | Noticed an orc warrior
  2819 | D:4      | Noticed skumtomte's ghost (novice MiFi)
  2983 | D:4      | Reached skill level 5 in Shields
  3185 | D:4      | Reached XP level 6. HP: 51/53 MP: 5/5
  3309 | D:4      | Found a roughly hewn altar of Beogh.
  3382 | D:5      | Entered Level 5 of the Dungeon
  3407 | D:5      | Found a staircase to the Ecumenical Temple.
  3460 | Temple   | Entered the Ecumenical Temple
  3679 | D:5      | Noticed Edmund
  3704 | D:5      | Killed Edmund
  3704 | D:5      | Reached skill level 5 in Long Blades
  3704 | D:5      | Reached skill level 5 in Armour
  4161 | D:5      | Noticed Ijyb
  4174 | D:5      | Engulfed by Ijyb's freezing vapour

Illustrated notes

Levels and vault maps discovered:
D:1:      dpeg_arrival_lava_temple_mockup, layout_loops_ring
D:2:      kennysheep_the_goblin_king, layout_basic, uniq_natasha
D:3:      layout_loops_ring, gammafunk_ghost_arena, minivault_14,
          nemelex_dance_club_becter
D:4:      layout_basic, biasface_ghost_orc_armoury
D:5:      layout_basic, minmay_temple_entry_glass, first_ration,
          uniq_blork_the_orc, uniq_ijyb, uniq_edmund
Temple:   grunt_wide_crystal_templ

Skill      XL: |  1  2  3  4  5  6 |
---------------+-------------------+-----
Armour         | 4 5 |  5.3
Fighting       | 4 |  4.8
Shields        | 4 5 |  5.4
Long Blades    | 3 4 5 |  5.3
Dodging        | 1 |  1.4
Stealth        | |  0.3

Action                   |  1- 3 |  4- 6 || total
-------------------------+-------+-------++-------
Melee: Long sword        |    55 |   135 ||   190
       Headbutt          |     6 |    25 ||    31
  Use: Potion            |       |     6 ||     6
       Scroll            |       |     2 ||     2
  Eat: Chunk             |     1 |     9 ||    10
Armor: Scale mail        |    16 |    14 ||    30
       Plate armour      |       |    24 ||    24
Dodge: Dodged            |    18 |    54 ||    72
Block: Kite shield       |    29 |    56 ||    85
       Rpst.: Long sword |     7 |    16 ||    23
